 Dungeon Crawl Stone Soup version 0.29.1-12-g30fa7ad0bf (webtiles) character file.

Game seed: 15178191390087739824

2 wormed the Gusty (level 1, 14/18 HPs)
             Began as a Demigod Wanderer on Dec 25, 2022.
             Quit the game on level 1 of the Dungeon.
             The game lasted 00:00:49 (43 turns).

wormed the Gusty (Demigod Wanderer)                   Turns: 43, Time: 00:00:49

Health: 14/18      AC:  2    Str: 12    XL:     1   Next: 26%
Magic:  2/4        EV: 11    Int: 13    God:
Gold:   0          SH:  0    Dex: 15    Spells: 1/2 levels left

rFire   . . .      SeeInvis .   a - +1 spear
rCold   . . .      Faith    .   (no shield)
rNeg    . . .      Spirit   .   c - +0 robe
rPois   .          Reflect  .   (no helmet)
rElec   .          Harm     .   (no cloak)
rCorr   .          Rampage  .   (no gloves)
Will    .....                   (no boots)
Stlth   +.........              (no amulet)
HPRegen 0.06/turn               (no ring)
MPRegen 0.09/turn               (no ring)

@: no status effects
A: high MP 1, forlorn, divine attributes
a: no special abilities


You were on level 1 of the Dungeon.
You visited 1 branch of the dungeon, and saw 1 of its levels.

Inventory:

Hand Weapons
 a - a +1 spear (weapon)
Armour
 c - a +0 robe (worn)
Scrolls
 b - a scroll of blinking
 d - a scroll of identify {unknown}


   Skills:
 + Level 2.7 Fighting
 + Level 1.0 Polearms
 + Level 1.0 Dodging
 + Level 1.0 Spellcasting
 + Level 3.6 Air Magic


You had one spell level left.
You knew the following spells:

 Your Spells              Type           Power      Damage    Failure   Level
a - Shock                 Conj/Air       20%        1d4       14%         1

Your spell library contained the following spells:

 Spells                   Type           Power      Damage    Failure   Level
 Static Discharge         Conj/Air       5%         3-4/arc   21%         2
 Airstrike                Air            5%         2d(1-17)  54%         4


Dungeon Overview and Level Annotations

Branches:
Dungeon (1/15)


Innate Abilities, Weirdness & Mutations

You have an increased reservoir of magic. (+10% MP)
You shall have no god before yourself.
Your divine heritage dramatically boosts your attributes as you level up.


Message History

Aim: a kobold, wielding a +0 short sword and quivering stones (55% to hit)
The zap misses the kobold.
You closely miss the kobold. The kobold closely misses you.
You hit the kobold.
You kill the kobold!
A bat comes into view.
Things that are here:
a +0 short sword; 5 stones You see here 3 gold pieces.
A bat is nearby!
A bat is nearby!
A bat is nearby!
A goblin comes into view. It is wielding a +0 club.
d - a scroll labelled VILUFI UNOOLOTH The goblin shouts!
You hit the goblin.
You kill the goblin!
The bat misses you.
You see here a +0 club.
The bat hits you but does no damage.
Found a lumpy white potion.
The bat hits you. The bat completely misses you.
The bat hits you but does no damage.
Aiming: Shock (safe; 14% risk of failure)
Press: ? - help, Q - select action Shift-Dir - straight line The zap hits the bat.
The bat is moderately wounded.
The zap misses the bat.
The bat closely misses you.
Aiming: Shock (safe; 14% risk of failure)
Press: ? - help, Q - select action Shift-Dir - straight line, f - bat
Aim: a bat (moderately wounded, 47% to hit)
The zap misses the bat.
The bat hits you. The bat completely misses you. The bat hits you.
The bat hits you.
You hit the bat.
You kill the bat!
Are you sure you want to abandon this character and quit the game? (Confirm with "yes".)

.. .. ... #. . ..# #.##.
##.. ######....#..#..
#........#....
#########.###...#..# #..
...............#...##...#.
#..........##...)......#
#............@†##.#.....
####.......)$.....# .#
#... ..................#
.# .. #####'####........#
.# ##≈♣.♣≈########...#.#
#≈≈♣.♣≈≈# ##....#
#≈~♣.♣~≈# ##.### #≈♣...♣≈#
..# ♣.....♣ #.#


There were no monsters in sight!

Vanquished Creatures
  A goblin (D:1)
  A bat (D:1)
  A kobold (D:1)
3 creatures vanquished.

Notes
Turn   | Place    | Note
-------+----------+-------------------------------------------
     0 | D:1      | wormed the Demigod Wanderer began the quest for the Orb.
     0 | D:1      | wormed set off with the following items: a +1 spear, a
                  | scroll of blinking, a +0 robe; and the following spell
                  | memorised: Shock; and the following spells available to
                  | memorise: Static Discharge, Airstrike.
     0 | D:1      | Reached XP level 1. HP: 18/18 MP: 4/4
    43 | D:1      | Quit the game

Illustrated notes

Levels and vault maps discovered:
D:1:      saegor_arrival_simple_d, layout_basic, minivault_26

Action                   || total
-------------------------++-------
Melee: Spear             ||     4
 Cast: Shock             ||     3
Armor: Robe              ||     2
Dodge: Dodged            ||     7
